 Dungeon Crawl Stone Soup version 0.31-a0-925-g0a390f2509 (webtiles) character file.

Game seed: 17144796891410678366

2160 Ekaitz the Digger (level 9, -2/78 HPs)
             Began as a Gargoyle Earth Elementalist on Oct 18, 2023.
             Was a Follower of Sif Muna.
             Slain by an orc warrior
             ... wielding a +0 broad axe
              (5 damage)
             ... in a bailey.
             The game lasted 00:22:23 (6931 turns).

Ekaitz the Digger (Gargoyle Earth Elementalist)     Turns: 6931, Time: 00:22:24

Health: -2/78      AC: 20    Str: 13    XL:     9   Next: 31%
Magic:  5/15       EV: 12    Int: 19    God:    Sif Muna [*.....]
Gold:   317        SH:  0    Dex: 10    Spells: 2/16 levels left

rFire   . . .        e - +0 morningstar
rCold   . . .        (no shield)
rNeg    + . .        h - +0 steam dragon scales
rPois   ∞            (no helmet)
rElec   +            u - +2 cloak
rCorr   .            K - +0 pair of gloves
SInv    .            f - +0 pair of boots
Will    .....        (no amulet) Stlth
                     a - +4 ring of protection
HPRegen 0.33/turn    g - ring of wizardry
MPRegen 0.14/turn

%: wizardry (x1)
@: berserking, very quick
A: sickness immunity, AC +6, negative energy resistance 1, electricity
resistance, torment resistance 1, petrification resistance
a: Renounce Religion, Channel Magic


You were in a bailey.
You worshipped Sif Muna.
Sif Muna was aware of your devotion.
You visited 2 branches of the dungeon, and saw 8 of its levels.
You also visited: Ossuary and Bailey.

You collected 317 gold pieces.

Inventory:

Hand Weapons
 e - a +0 morningstar (weapon)
 i - a +0 dagger
 j - a +3 hand axe
 F - a +0 bardiche
Missiles
 k - 3 javelins
 m - 3 silver javelins
 r - 10 poisoned darts
Armour
 f - a +0 pair of boots (worn)
 h - +0 steam dragon scales (worn)
 t - an orb of energy
 u - a +2 cloak (worn)
 E - a +1 robe of cold resistance
 K - a +0 pair of gloves (worn)
Jewellery
 a - a +4 ring of protection (left hand)
 g - a ring of wizardry (right hand)
 s - a ring of resist corrosion
 U - a ring of positive energy
Wands
 N - a wand of charming (8)
 Q - a wand of roots (6)
Scrolls
 c - 6 scrolls of identify {unknown}
 d - a scroll of butterflies {unknown}
 v - 4 scrolls of enchant weapon {unknown}
 x - a scroll of fear {unknown}
 A - a scroll of fog {unknown}
 D - 3 scrolls of teleportation {unknown}
 H - 3 scrolls of amnesia {unknown}
 L - a scroll of enchant armour {unknown}
 M - 2 scrolls of vulnerability {unknown}
 O - 2 scrolls of acquirement {unknown}
 R - 2 scrolls of noise {unknown}
Potions
 b - a potion of magic
 l - a potion of degeneration
 n - 3 potions of heal wounds {unknown}
 o - a potion of brilliance {unknown}
 p - 3 potions of berserk rage
 w - 2 potions of resistance {unknown}
 B - 4 potions of curing {unknown}
 G - 2 potions of ambrosia {unknown}
 I - 3 potions of might {unknown}
 S - a potion of haste {unknown}
 T - a potion of mutation {unknown}


   Skills:
 * Level 4.7 Fighting
 + Level 0.7 Short Blades
 + Level 4.2 Maces & Flails
 + Level 0.1 Armour
 + Level 2.7 Dodging
 + Level 4.8 Stealth
 + Level 4.4 Spellcasting
 * Level 4.8 Conjurations
 * Level 1.9 Translocations
 + Level 1.4 Transmutations
 * Level 7.7 Earth Magic


You had 2 spell levels left.
You knew the following spells:

 Your Spells              Type           Power      Damage    Failure   Level
a - Sandblast             Erth           66%        2d15      1%          1
b - Passwall              Tmut/Erth      17%        N/A       1%          2
c - Stone Arrow           Conj/Erth      54%        3d10      1%          3
d - Brom's Barrelling Bo  Conj/Erth      27%        2d5       4%          4
e - Iskenderun's Mystic   Conj/Tloc      16%        2d5       13%         4

Your spell library contained the following spells:

 Spells                   Type           Power      Damage    Failure   Level
 Scorch                   Fire           8%         2d5       9%          2
 Petrify                  Tmut/Erth      21%        N/A       9%          4
 Volatile Blastmotes      Fire/Tloc      14%        2d11      11%         3
 Flame Wave               Conj/Fire      13%        2d6       19%         4
 Fulminant Prism          Conj/Hex       6%         3d7       19%         4
 Olgreb's Toxic Radiance  Pois           4%         N/A       45%         4
 Summon Cactus Giant      Summ           2%         N/A       100%        6
 Discord                  Hex            2%         N/A       100%        8
 Ignition                 Fire           2%         3d3       100%        8


Dungeon Overview and Level Annotations

Branches:
Dungeon (7/15)             Temple (1/1) D:7         Ossuary (visited)
 Bailey (1/1)

Altars:
Ashenzari
Cheibriados
Dithmenos
Elyvilon
Fedhas
Gozag
Hepliaklqana
Kikubaaqudgha
Makhleb
Nemelex Xobeh
Okawaru
Qazlal
Ru
Sif Muna
Trog
Uskayaw
Wu Jian
Xom
Yredelemnul
Zin
The Shining One

Annotations:
D:5 1 runed translucent door, Crazy Yiuf


Innate Abilities, Weirdness & Mutations

You are immune to sickness and miasma.
Your stone body is resilient. (AC +6)
You are immune to poison.
You resist negative energy. (rN+)
You are resistant to electric shocks. (rElec)
You are resistant to unholy torment.
You are immune to petrification.


Message History

Press: ? - help, Dir - move target, f - orc, p - orc warrior
Aim: an orc, wielding a +3 hand axe and wearing a +0 leather armour (asleep) Attack!
The orc shouts!
You hear a shout! x3
A gnoll comes into view. It is wielding a +0 hand axe.
An orc warrior comes into view. It is wielding a +0 hand axe.
Your orc warrior barely misses the orc.
A goblin comes into view. It is wielding a +0 hand axe.
Your orc warrior closely misses the orc.
Your orc warrior hits the orc with a +0 broad axe!
The orc dies!
Sif Muna accepts your kill.
Your orc warrior hits the goblin but does no damage.
Things that are here:
a +3 hand axe; a +0 leather armour
j - a +3 hand axe The orc warrior is no longer charmed.
The orc warrior hits you with a +0 broad axe!
You closely miss the goblin. The goblin hits you but does no damage.
The orc warrior hits you with a +0 broad axe.
* * * LOW HITPOINT WARNING * * *
You hit the goblin.
The goblin is heavily wounded.
The goblin hits you but does no damage. x2
A goblin comes into view. It is wielding a +0 war axe.
The gnoll hits you with a +0 hand axe!
* * * LOW HITPOINT WARNING * * *
Unknown command.
The goblin shouts!
A red film seems to cover your vision as you go berserk!
You feel yourself moving faster!
You feel mighty!
The orc warrior hits you with a +0 broad axe.
* * * LOW HITPOINT WARNING * * *
Unknown command.
You sock the gnoll!
You kill the gnoll!
Sif Muna accepts your kill.
The orc warrior hits you but does no damage.
The orc warrior hits you with a +0 broad axe.
You die...

#.....⌠.....'..
#...........').
#...........#..
###.).......##..
###.###.....###♣♣.
###.....#)#.### ♣♣
##.........###
#..g........#
#..)@.......#
#..oo.).....#
....'...........#
....#...........#
... ##.........##
.# ###.....###
###.### ###


You could see 2 orc warriors and a goblin.

Vanquished Creatures
  A steam dragon (D:6)
  An orc warrior (D:6)
  An ice beast (D:6)
  A black bear (D:5)
  A centaur (D:5)
  Blork the orc (D:4)
  12 scorpions
  A howler monkey (D:6)
  2 human zombies (Ossuary)
  5 centaur zombies (Ossuary)
  A gnoll bouda (D:6)
  4 hounds
  3 iguanas
  A scorpion zombie (Ossuary)
  An orc wizard (D:5)
  3 mummies (Ossuary)
  4 gnolls
  8 adders
  A shadow imp (D:7)
  A white imp (D:5)
  2 ufetubi (D:6)
  A worm zombie (D:7)
  An adder zombie (D:2)
  An adder skeleton (D:2)
  A worm (D:3)
  4 dart slugs
  17 orcs
  5 bats
  3 endoplasms
  3 giant cockroaches
  4 gnoll zombies (Ossuary)
  8 goblins
  5 hobgoblins
  5 quokkas
  7 ball pythons
  A ball python skeleton (D:2)
  6 frilled lizards
  A giant cockroach zombie (D:2)
  2 goblin zombies (Ossuary)
  7 hobgoblin zombies (Ossuary)
  A jackal skeleton (D:2)
  12 kobolds
  An orc zombie (Ossuary)
  2 quokka skeletons (D:2)
  7 rats
160 creatures vanquished.

Vanquished Creatures (collateral kills)
  A scorpion (Ossuary)
  An orc (Bailey)
  4 boulders
6 creatures vanquished.

Vanquished Creatures (others)
  4 boulders
4 creatures vanquished.

Grand Total: 170 creatures vanquished

Notes
Turn   | Place    | Note
-------+----------+-------------------------------------------
     0 | D:1      | Ekaitz the Gargoyle Earth Elementalist began the quest for
                  | the Orb.
     0 | D:1      | Reached XP level 1. HP: 10/10 MP: 3/3
   252 | D:1      | Reached XP level 2. HP: 16/16 MP: 1/5
   255 | D:1      | Learned a level 2 spell: Passwall
   300 | D:1      | Reached skill level 4 in Earth Magic
   515 | D:1      | Reached skill level 1 in Fighting
   842 | D:1      | Reached XP level 3. HP: 11/20 MP: 2/6
   894 | D:1      | Learned a level 3 spell: Stone Arrow
  1290 | D:2      | Reached XP level 4. HP: 25/25 MP: 7/7
  1673 | D:3      | Reached skill level 5 in Earth Magic
  2081 | D:3      | Found a basalt altar of Yredelemnul.
  2084 | D:3      | Found a hide-covered altar of Uskayaw.
  2391 | D:3      | Reached skill level 1 in Conjurations
  2550 | D:3      | Found a faded altar of an unknown god.
  2593 | D:4      | Noticed Blork the orc
  2703 | D:4      | Reached XP level 5. HP: 29/29 MP: 4/8
  3265 | D:4      | Killed Blork the orc
  3266 | D:4      | Reached skill level 1 in Transmutations
  3266 | D:4      | Reached XP level 6. HP: 35/35 MP: 1/10
  3464 | D:5      | Entered Level 5 of the Dungeon
  3594 | D:5      | Learned a level 4 spell: Brom's Barrelling Boulder
  3815 | D:5      | Reached skill level 1 in Maces & Flails
  3815 | D:5      | Reached skill level 6 in Earth Magic
  4005 | D:5      | Found a runed translucent door.
  4117 | D:5      | Reached XP level 7. HP: 35/40 MP: 11/11
  4785 | D:5      | Noticed Crazy Yiuf
  4946 | D:6      | Noticed a steam dragon
  5294 | D:6      | Killed a steam dragon
  5295 | D:6      | Reached XP level 8. HP: 46/46 MP: 1/13
  5557 | D:6      | Reached skill level 7 in Earth Magic
  5874 | D:6      | Learned a level 4 spell: Iskenderun's Mystic Blast
  6116 | D:7      | Found a staircase to the Ecumenical Temple.
  6126 | Temple   | Entered the Ecumenical Temple
  6146 | Temple   | Became a worshipper of Sif Muna the Loreminder
  6184 | D:7      | Found a flagged portal.
  6245 | D:7      | Found a faded altar of an unknown god.
  6245 | D:7      | Found a faded altar of an unknown god.
  6250 | D:7      | Found a sparkling altar of Nemelex Xobeh.
  6252 | D:7      | Found a shimmering altar of Xom.
  6253 | D:7      | Found a sacrificial altar of Ru.
  6326 | D:7      | Found a sand-covered staircase.
  6343 | Ossuary  | Entered an ossuary
  6418 | Ossuary  | Reached skill level 1 in Translocations
  6480 | Ossuary  | Reached XP level 9. HP: 49/52 MP: 15/15
  6506 | Ossuary  | Reached * piety under Sif Muna
  6778 | Bailey   | Entered a bailey
  6930 | Bailey   | HP: 3/78 [orc warrior/+0 broad axe (5)]
  6931 | Bailey   | Slain by an orc warrior

Illustrated notes

Levels and vault maps discovered:
D:1:      saegor_arrival_simple_b, layout_basic, lexackson_kobold_supper
D:2:      layout_rooms, serial_undead, serial_undead_a, serial_undead_d,
          serial_undead_c, serial_undead_a, serial_undead_f
D:3:      layout_loops_ring, nicolae_overflow_squiral,
          shapermc_ecumenical_altar_mp_vishouse
D:4:      layout_loops_ring, chequers_serial_rivers_small_b, uniq_blork_the_orc
D:5:      layout_loops_ring, hangedman_decor_slide_cut, chequers_garden,
          uniq_crazy_yiuf_cottage
D:6:      layout_basic, hangedman_glass_teeth
D:7:      layout_rooms, chequers_temple_overflow_minitemple, vehumet_statue,
          minmay_temple_entry_waves, enter_bailey_5, enter_ossuary_3
Temple:   nicolae_temple_bog_church
Bailey:   bailey_axe_minmay_hex_keep, bailey

Skill      XL: |  1  2  3  4  5  6  7  8  9 |
---------------+----------------------------+-----
Earth Magic    | 4 5 6 7 |  7.7
Fighting       | 1 2 3 4 |  4.7
Conjurations   | 1 2 4 |  4.8
Stealth        | 3 4 |  4.8
Spellcasting   | 3 4 |  4.4
Transmutations | 1 |  1.4
Maces & Flails | 1 3 4 |  4.2
Dodging        | 2 |  2.7
Translocations | 1 |  1.9
Short Blades   | |  0.7
Armour         | |  0.1

Action                     |  1- 3 |  4- 6 |  7- 9 || total
---------------------------+-------+-------+-------++-------
  Melee: Unarmed           |     7 |       |       ||     7
         Mace              |    16 |    94 |    13 ||   123
         Dagger            |     1 |    10 |    10 ||    21
         Punch             |       |     1 |     5 ||     6
         Morningstar       |       |       |   200 ||   200
   Cast: Sandblast         |    44 |    18 |     3 ||    65
         Passwall          |       |     9 |    12 ||    21
         Stone Arrow       |       |    19 |    43 ||    62
         Brom's Barrelling |       |     1 |    11 ||    12
  Evoke: Wand              |       |       |     1 ||     1
    Use: Potion            |       |       |     4 ||     4
   Stab: Sleeping          |     2 |    12 |    12 ||    26
 Armour: Robe              |    26 |    62 |    46 ||   134
         Leather armour    |       |    10 |       ||    10
         Steam dragon scal |       |       |   180 ||   180
  Dodge: Dodged            |    22 |    71 |   180 ||   273

Table legend: (Time is in decaauts)
 A = Elapsed time spent in this place.
 B = Non-inter-level travel time spent in this place.
 C = Inter-level travel time spent in this place.
 D = Time resting spent in this place.
 E = Time spent auto-exploring this place.
 F = Levels seen in this place.
 G = Mean time per level.
                   A        B        C        D        E       F      G
               +--------+--------+--------+--------+--------+-----+--------+
         Total |   7066 |   6845 |    221 |    247 |   4563 |  10 |  706.6 |
       Dungeon |   6424 |   6217 |    207 |    186 |   4563 |   7 |  917.7 |
        Temple |     38 |     24 |     14 |      0 |      0 |   1 |   38.0 |
       Ossuary |    445 |    445 |      0 |      0 |      0 |   1 |  445.0 |
        Bailey |    157 |    157 |      0 |     61 |      0 |   1 |  157.0 |
               +--------+--------+--------+--------+--------+-----+--------+

Top non-repeatable levels by time:
     D:5: 1385 daAuts
     D:6: 1285 daAuts
     D:3: 1020 daAuts
     D:1: 1013 daAuts
     D:4: 888 daAuts
     D:2: 590 daAuts
 Ossuary: 445 daAuts
     D:7: 240 daAuts
  Bailey: 157 daAuts
  Temple: 38 daAuts
